 Dungeon Crawl Stone Soup version 0.31-a0-1074-g0b22e4e0f1 (webtiles) character file.

Game seed: 2946719583637509762

60 wildpjah the Conjurer (level 4, 0/26 HPs)
             Began as a Tengu Reaver on Dec 1, 2023.
             Succumbed to a goblin's poison
             ... on level 2 of the Dungeon.
             The game lasted 00:04:38 (990 turns).

wildpjah the Conjurer (Tengu Reaver)                 Turns: 990, Time: 00:04:38

Health: 0/26       AC:  3    Str: 12    XL:     4   Next: 6%
Magic:  4/8        EV: 27    Int: 14    God:
Gold:   74         SH:  0    Dex: 14    Spells: 4/7 levels left

rFire   . . .        a - +0 falchion
rCold   . . .        (no shield)
rNeg    . . .        b - +0 leather armour
rPois   .            (helmet restricted)
rElec   .            (no cloak)
rCorr   .            (no gloves)
SInv    .            (boots unavailable)
Will    .....        (no amulet)
Stlth   +            (no ring)
HPRegen 0.24/turn    (no ring)
MPRegen 0.11/turn

%: acrobat
@: lethally poisoned (0 -> -1), acrobatic
A: beak, talons 3, acrobatic
a: no special abilities


You were on level 2 of the Dungeon.
You visited 1 branch of the dungeon, and saw 2 of its levels.

You collected 74 gold pieces.

Inventory:

Hand Weapons
 a - a +0 falchion (weapon)
Missiles
 d - 5 javelins
Armour
 b - a +0 leather armour (worn)
Scrolls
 c - a scroll of poison {unknown}
 e - a scroll of identify {unknown}
Potions
 f - a potion of attraction {unknown}
 g - a potion of curing {unknown}


   Skills:
 + Level 2.1 Fighting
 + Level 4.1 Long Blades
 + Level 0.3 Armour
 + Level 2.5 Dodging
 + Level 2.1 Spellcasting
 + Level 5.0 Conjurations
 + Level 0.1 Translocations


You had 4 spell levels left.
You knew the following spells:

 Your Spells              Type           Power      Damage    Failure   Level
a - Kiss of Death         Conj/Necr      32%        2d7       11%         1
b - Momentum Strike       Conj/Tloc      16%        3d8       16%         2

Your spell library contained the following spells:

 Spells                   Type           Power      Damage    Failure   Level
 Hailstorm                Conj/Ice       8%         3d4       32%         3


Dungeon Overview and Level Annotations

Branches:
Dungeon (2/15)

Altars:

Shops:
D:1 *[!*?


Innate Abilities, Weirdness & Mutations

You have a beak for a mouth.
You have claws for feet.
You can magically evade attacks while moving or waiting.


Message History

Press: ? - help, Q - select action, (/) - cycle Dir - move target, f - quokka
Aim: a quokka (56% to hit)
The concentrated momentum misses the quokka.
You feel very sick. The quokka barely misses you.
A kobold comes into view. It is wielding a +0 short sword.
The kobold shouts!
You hit the quokka. Your kick misses the quokka. Your peck misses the quokka.
The quokka is heavily wounded.
You feel sick. The quokka barely misses you. The quokka bites you.
You hit the quokka. You peck the quokka, but do no damage.
The quokka is severely wounded.
You feel sick.
A jackal comes into view.
The quokka bites you.
* * * LOW HITPOINT WARNING * * *
You barely miss the quokka.
The quokka is severely wounded.
* * * LOW HITPOINT WARNING * * *
You feel sick.
The jackal barks!
You hear a bark! x2
The quokka closely misses you.
You closely miss the quokka.
The quokka is severely wounded.
You feel sick. The quokka bites you.
* * * LOW HITPOINT WARNING * * *
A jackal comes into view.
The quokka closely misses you.
You hit the quokka.
The quokka is severely wounded.
* * * LOW HITPOINT WARNING * * *
You feel sick.
The quokka bites you but does no damage.
You hit the quokka.
You kill the quokka!
* * * LOW HITPOINT WARNING * * *
You feel sick. The jackal barely misses you.
Your Conjurations skill increases to level 5!
An adder and a jackal come into view.
You die...

.........###...........
..........###.....###..
h...........###......#>.
..#.........###..##.....
.....h.........†........
........................
..#....h.............#.#
.......K................
.......@...............#
....................###
#.....).............#
#...................#
.......?............#
....#............
....#.####...... ..S #.
.....


You could see an adder (wandering), 3 jackals and a kobold.

Vanquished Creatures
  2 adders (D:2)
  A dart slug (D:1)
  2 ball pythons
  3 bats (D:1)
  6 endoplasms
  A giant cockroach (D:1)
  7 goblins
  2 hobgoblins (D:1)
  3 jackals (D:1)
  3 kobolds (D:1)
  A quokka (D:2)
  A frilled lizard (D:1)
  3 rats
35 creatures vanquished.

Notes
Turn   | Place    | Note
-------+----------+-------------------------------------------
     0 | D:1      | wildpjah the Tengu Reaver began the quest for the Orb.
     0 | D:1      | Reached XP level 1. HP: 12/12 MP: 4/4
    14 | D:1      | Found Hetalis's Armour Emporium.
   124 | D:1      | Found Deylel's Distillery.
   143 | D:1      | Reached XP level 2. HP: 17/17 MP: 6/6
   333 | D:1      | Reached XP level 3. HP: 20/21 MP: 7/7
   339 | D:1      | Found Buhuohaf's Assorted Antiques.
   551 | D:1      | Learned a level 2 spell: Momentum Strike
   571 | D:1      | Found Wasadum's Assorted Antiques.
   774 | D:1      | Found Xaxipu Efaxt's Magic Scroll Shop.
   976 | D:2      | Reached XP level 4. HP: 26/26 MP: 5/8
   989 | D:2      | HP: 1/26 [poisoned by a goblin]
   990 | D:2      | Reached skill level 5 in Conjurations
   990 | D:2      | Succumbed to a goblin's poison

Illustrated notes

Levels and vault maps discovered:
D:1:      co_arrival_square_in_a_square_in_a_square, layout_loops_ring,
          serial_shops, nicolae_shop_trees, nicolae_shop_just_a_little_nook,
          nicolae_shop_peninsula, shop, nicolae_shop_tiny_waterfront
D:2:      layout_rooms, uniq_crazy_yiuf_cottage, uniq_sigmund

Skill      XL: |  1  2  3  4 |
---------------+-------------+-----
Long Blades    | 4 |  4.1
Conjurations   | 5 |  5.0
Fighting       | |  2.1
Armour         | |  0.3
Dodging        | |  2.5
Spellcasting   | |  2.1
Translocations | |  0.1

Action                     |  1- 3 |  4- 6 || total
---------------------------+-------+-------++-------
  Melee: Falchion          |    67 |     9 ||    76
         Kick              |    14 |       ||    14
         Peck              |     9 |     1 ||    10
         Punch             |     1 |       ||     1
   Cast: Momentum Strike   |     4 |     1 ||     5
   Stab: Sleeping          |     1 |       ||     1
 Armour: Leather armour    |    22 |     7 ||    29
  Dodge: Dodged            |    53 |     8 ||    61

Table legend: (Time is in decaauts)
 A = Elapsed time spent in this place.
 B = Non-inter-level travel time spent in this place.
 C = Inter-level travel time spent in this place.
 D = Time resting spent in this place.
 E = Time spent auto-exploring this place.
 F = Levels seen in this place.
 G = Mean time per level.
                   A        B        C        D        E       F      G
               +--------+--------+--------+--------+--------+-----+--------+
         Total |    998 |    982 |     16 |      0 |    738 |   2 |  499.0 |
       Dungeon |    998 |    982 |     16 |      0 |    738 |   2 |  499.0 |
               +--------+--------+--------+--------+--------+-----+--------+

Top non-repeatable levels by time:
     D:1: 870 daAuts
     D:2: 128 daAuts
